 Dungeon Sprint DCSS version 0.30-a0-800-g7c544603b3 (webtiles) character file.

Game seed: 7632181516048101261

2400000 BigDaddyOpFi the Intangible (level 19, -8/150 HPs)
             Began as a Djinni Summoner on Feb 23, 2023.
             Was the Champion of Makhleb.
             Mangled by a meat berserker
             ... wielding a +9 battleaxe
              (86 damage)
             ... in the Dungeon (Sprint VIII: "Arena of Blood").
             The game lasted 00:00:42 (24 turns).

BigDaddyOpFi the Intangible (Djinni Summoner)         Turns: 24, Time: 00:00:43

Health: -8/150     AC:  3    Str:  7    XL:     19   Next: 93%
Gold:   0          EV: 34    Int: 18    God:    Makhleb [******] SH:  0 Dex: 21

rFire   + + .      SeeInvis .    g - +∞ Axe of Woe
rCold   x . .      Faith    .    (shield currently unavailable)
rNeg    . . .      Spirit   .    a - +0 robe
rPois   ∞          Reflect  .    (no helmet)
rElec   .          Harm     .    (no cloak)
rCorr   .          Rampage  .    (no gloves)
Will    +....      NoTele   +    (boots unavailable)
Stlth   ++++++++++               (no amulet)
HPRegen 0.45/turn                (no ring)
MPRegen 0.00/turn                (no ring)

@: animating dead, flying
A: sickness immunity, fire resistance 2, cold vulnerability 1, float, innate
caster, HP casting, extra vitality 1
a: Renounce Religion, Minor Destruction, Lesser Servant of Makhleb, Major
Destruction, Greater Servant of Makhleb


You were in the Dungeon.
You worshipped Makhleb.
Makhleb was exalted by your worship.
You visited 1 branch

Inventory:

Hand Weapons
 g - the +∞ Axe of Woe (weapon)
   (You found it in the Dungeon)
Armour
 a - a +0 robe (worn)
Scrolls
 f - a scroll of blinking
Potions
 b - a potion of curing
 c - a potion of heal wounds
 d - a potion of haste
 e - a potion of berserk rage


   Skills:
 + Level 18.0 Fighting
 + Level 15.3 Axes
 + Level 18.0 Armour
 O Level 27 Dodging
 O Level 27 Stealth
 + Level 18.0 Unarmed Combat
 O Level 27 Spellcasting
 + Level 18.0 Invocations


You knew the following spells:

 Your Spells              Type           Power      Damage    Failure   Level
a - Summon Small Mammal   Summ           100%       N/A       0%          1
b - Call Imp              Summ           88%        N/A       0%          2
c - Call Canine Familiar  Summ           88%        N/A       0%          3
d - Summon Guardian Gole  Hex/Summ       88%        N/A       0%          3
e - Summon Lightning Spi  Summ/Air       88%        N/A       0%          4
f - Beastly Appendage     Tmut           100%       N/A       0%          1
g - Scorch                Fire           100%       2d10      0%          2
h - Searing Ray           Conj           100%       2d8       0%          2
i - Cause Fear            Hex            44%        N/A       0%          4
j - Animate Dead          Necr           88%        N/A       0%          4
k - Iskenderun's Battles  Conj           88%        2d14      0%          5
l - Eringya's Noxious Bo  Tmut/Pois      44%        N/A       0%          6
m - Orb of Destruction    Conj           44%        9d12      1%          7
n - Summon Cactus Giant   Summ           44%        N/A       0%          6
Your spell library was empty.

Dungeon Overview and Level Annotations

Branches:
Dungeon (1/1)

Altars:
Makhleb


Innate Abilities, Weirdness & Mutations

You are immune to sickness and miasma.
You are immune to poison.
Your flesh is very heat resistant. (rF++)
You are vulnerable to cold. (rC-)
You float through the air rather than walking.
You learn spells naturally, not from books.
Your magical power is your life essence.
You have superior vitality. (+4 MHP)


Message History

You hear a shout!
Your bag of meat zombie is engulfed in blazing flames.
Your bag of meat zombie hits the meat berserker but does no damage.
Your bag of meat zombie is engulfed in blazing flames.
Your bag of meat zombie hits the destroyer but does no damage.
You hear a shout!
The bag of meat hits your meat berserker zombie with a +9 war axe.
You hear a shout!
Your Fighting skill gained 3 levels and is now at level 18!
Your Axes skill gained 2 levels and is now at level 15!
Your Armour skill gained 3 levels and is now at level 18!
Your Unarmed Combat skill gained 3 levels and is now at level 18!
Your Invocations skill gained 3 levels and is now at level 18!
Unknown command.
Press < or > to pray at altars.
You slash the bag of meat!
You cleave the bag of meat in twain.
You kill the bag of meat!
Makhleb accepts your kill.
You feel better.
The dead are walking!
You are engulfed in blazing flames.
You resist.
A meat berserker comes into view. It is wielding a +9 battleaxe.
You hear a shout! x2
The meat berserker hits your bag of meat zombie with a +9 battleaxe!!!
Your bag of meat zombie is destroyed!
You hear a shout! x2
The destroyer casts a spell at you.
The destroyer blinks!
The destroyer points at you and mumbles some strange words.
The destroyer blinks!
You hear a shout! x4
Your meat berserker zombie is engulfed in blazing flames.
You hear a shout! x3
The meat berserker is engulfed in blazing flames.
The meat berserker hits your bag of meat zombie with a +9 battleaxe!!!
The meat berserker hits your meat berserker zombie with a +9 battleaxe!!!
The meat berserker is engulfed in blazing flames.
The meat berserker shouts!
The meat berserker hits you with a +9 battleaxe!!!!
Ouch! That really hurt!
You die...

.. ..... #.
...# #.. .§.# .
.###.. ...###..
......###oo....
......_VO.o.
#.§Z§O# #_.ZZ@#
#..O§Z#
......_V.O..
.....V###..o...
.###.. ...###..
#.. ...# . #.
...# .. .....


You could see 3 destroyers, 4 meat berserkers, 3 bags of meat, 2 friendly bag of
meat zombies and 2 friendly meat berserker zombies.

Vanquished Creatures
  3 vampire knights (D)
  7 ogres (D)
  A two-headed ogre (D)
  11 orcs (D)
22 creatures vanquished.

Vanquished Creatures (others)
  An ogre zombie (D)
  2 orc zombies (D)
3 creatures vanquished.

Grand Total: 25 creatures vanquished

Notes
Turn   | Place    | Note
-------+----------+-------------------------------------------
     0 | D        | Found the +∞ Axe of Woe
     0 | D        | BigDaddyOpFi the Djinni Summoner began the quest for the
                  | Orb.
     0 | D        | BigDaddyOpFi set off with the following spells memorised:
                  | Summon Small Mammal, Call Imp, Call Canine Familiar, Summon
                  | Guardian Golem, Summon Lightning Spire.
     0 | D        | Reached XP level 1. HP: 15/15 MP: 0/0
     2 | D        | Noticed a bag of meat
     2 | D        | Noticed a bag of meat
     3 | D        | Noticed a bag of meat
     3 | D        | Noticed a meat berserker
     4 | D        | Became a worshipper of Makhleb the Destroyer
     4 | D        | Noticed a meat berserker
     5 | D        | Killed a meat berserker
     5 | D        | Noticed a bag of meat
     5 | D        | Noticed a meat berserker
     6 | D        | Reached XP level 2. HP: 21/21 MP: 0/0
     6 | D        | Reached XP level 3. HP: 25/25 MP: 0/0
     6 | D        | Learned a level 1 spell: Beastly Appendage
     6 | D        | Reached XP level 4. HP: 31/31 MP: 0/0
     6 | D        | Reached XP level 5. HP: 35/35 MP: 0/0
     6 | D        | Learned a level 2 spell: Scorch
     6 | D        | Reached XP level 6. HP: 40/40 MP: 0/0
     6 | D        | Reached XP level 7. HP: 45/45 MP: 0/0
     6 | D        | Learned a level 2 spell: Searing Ray
     6 | D        | Reached XP level 8. HP: 50/50 MP: 0/0
     6 | D        | Reached XP level 9. HP: 55/55 MP: 0/0
     6 | D        | Learned a level 4 spell: Cause Fear
     6 | D        | Reached XP level 10. HP: 60/60 MP: 0/0
     6 | D        | Reached XP level 11. HP: 65/65 MP: 0/0
     6 | D        | Learned a level 4 spell: Animate Dead
     6 | D        | Reached XP level 12. HP: 70/70 MP: 0/0
     7 | D        | Killed a meat berserker
     7 | D        | Reached * piety under Makhleb
     7 | D        | Noticed a bag of meat
     7 | D        | Noticed a meat berserker
     8 | D        | Reached XP level 13. HP: 8/75 MP: 0/0
     8 | D        | Learned a level 5 spell: Iskenderun's Battlesphere
     8 | D        | Killed a bag of meat
     8 | D        | Killed a bag of meat
     8 | D        | Killed a bag of meat
     8 | D        | Reached ** piety under Makhleb
     8 | D        | Killed a meat berserker
     8 | D        | Noticed a bag of meat
     9 | D        | Reached XP level 14. HP: 9/80 MP: 0/0
     9 | D        | Reached XP level 15. HP: 10/85 MP: 0/0
     9 | D        | Learned a level 6 spell: Eringya's Noxious Bog
     9 | D        | Killed a meat berserker
     9 | D        | Reached *** piety under Makhleb
    10 | D        | Reached skill level 27 in Dodging
    10 | D        | Reached XP level 16. HP: 41/90 MP: 0/0
    14 | D        | Reached **** piety under Makhleb
    15 | D        | Noticed a meat berserker
    15 | D        | Noticed a destroyer
    16 | D        | Reached skill level 27 in Stealth
    16 | D        | Reached XP level 17. HP: 76/94 MP: 0/0
    16 | D        | Learned a level 7 spell: Orb of Destruction
    16 | D        | Noticed a destroyer
    18 | D        | Killed a meat berserker
    19 | D        | Noticed a meat berserker
    19 | D        | Noticed a large bag of meat
    20 | D        | Killed a destroyer
    20 | D        | Reached ***** piety under Makhleb
    20 | D        | Noticed a meat berserker
    20 | D        | Noticed a destroyer
    20 | D        | Noticed a destroyer
    21 | D        | Reached skill level 27 in Spellcasting
    21 | D        | Reached XP level 18. HP: 63/118 MP: 0/0
    21 | D        | Killed a meat berserker
    21 | D        | Killed a destroyer
    21 | D        | Noticed a destroyer
    22 | D        | Reached XP level 19. HP: 22/139 MP: 0/0
    22 | D        | Learned a level 6 spell: Summon Cactus Giant
    22 | D        | Noticed a meat berserker
    22 | D        | Killed a destroyer
    23 | D        | Reached skill level 15 in Fighting
    23 | D        | Reached skill level 15 in Armour
    23 | D        | Reached skill level 15 in Unarmed Combat
    23 | D        | Reached skill level 15 in Invocations
    23 | D        | Noticed a destroyer
    23 | D        | Killed a meat berserker
    23 | D        | Killed a large bag of meat
    23 | D        | Reached ****** piety under Makhleb
    23 | D        | Noticed a meat berserker
    23 | D        | Noticed a sculptor of flesh
    23 | D        | Noticed a meat berserker
    24 | D        | Reached skill level 15 in Axes
    24 | D        | Noticed a sculptor of flesh
    24 | D        | Noticed a meat berserker
    24 | D        | Mangled by a meat berserker

Illustrated notes

Levels and vault maps discovered:
D:        meatsprint

Skill      XL: |  1  2  3  4  5  6  7  8  9 10 11 12 13 14 15 16 17 18 19 |
---------------+----------------------------------------------------------+-----
Dodging        | 18 21 25 27 | 27.0
Stealth        | 16 18 22 24 27 | 27.0
Spellcasting   | 14 16 19 21 23 27 | 27.0
Fighting       | 7 13 18 | 18.0
Axes           | 6 11 15 | 15.3
Armour         | 7 13 18 | 18.0
Unarmed Combat | 7 13 18 | 18.0
Invocations    | 7 13 18 | 18.0

Action                     |  1- 3 |  4- 6 |  7- 9 | 10-12 | 13-15 | 16-18 | 19-21 || total
---------------------------+-------+-------+-------+-------+-------+-------+-------++-------
  Melee: Executioner's axe |     1 |       |       |     1 |     2 |     7 |     3 ||    14
   Cast: Animate Dead      |       |       |       |       |       |     1 |       ||     1
  Dodge: Dodged            |       |       |       |       |       |     1 |       ||     1

Table legend: (Time is in decaauts)
 A = Elapsed time spent in this place.
 B = Non-inter-level travel time spent in this place.
 C = Inter-level travel time spent in this place.
 D = Time resting spent in this place.
 E = Time spent auto-exploring this place.
 F = Levels seen in this place.
 G = Mean time per level.
                   A        B        C        D        E       F      G
               +--------+--------+--------+--------+--------+-----+--------+
         Total |     33 |     33 |      0 |      0 |      0 |   1 |   33.0 |
       Dungeon |     33 |     33 |      0 |      0 |      0 |   1 |   33.0 |
               +--------+--------+--------+--------+--------+-----+--------+

Top non-repeatable levels by time:
       D: 33 daAuts
